 Dungeon Crawl Stone Soup version 0.30-a0-840-ga523dec638 (webtiles) character file.

Game seed: 15260703804651399326

420 Newt the Shooter (level 7, -2/44 HPs)
             Began as a Kobold Hunter on Mar 1, 2023.
             Was a Follower of Kikubaaqudgha.
             Slain by a lemure (5 damage)
             ... led by Pikel
             ... on level 5 of the Dungeon.
             The game lasted 00:04:48 (3761 turns).

Newt the Shooter (Kobold Hunter)                    Turns: 3761, Time: 00:04:48

Health: -2/44      AC: 31    Str:  8    XL:     7   Next: 16%
Magic:  7/7        EV:  5    Int: 10    God:    Kikubaaqudgha [*.....]
Gold:   272        SH:  0    Dex: 21    Spells: 6/6 levels left

rFire   . . .      SeeInvis .    s - +2 demon trident (venom)
rCold   . . .      Faith    .    (shield currently unavailable)
rNeg    . . .      Spirit   .    v - +18 Lear's hauberk
rPois   .          Reflect  .    (helmet currently unavailable)
rElec   .          Harm     .    n - +0 cloak
rCorr   +          Rampage  .    (gloves currently unavailable)
Will    .....                    (boots currently unavailable) Stlth
                                 (no amulet)
HPRegen 0.27/turn                d - ring of resist corrosion
MPRegen 0.10/turn                j - +4 ring of protection

@: no status effects
A: small, no large weapons, nightstalker 3
a: Renounce Religion, Unearth Wretches


You were on level 5 of the Dungeon.
You worshipped Kikubaaqudgha.
Kikubaaqudgha was aware of your devotion.
You visited 2 branches of the dungeon, and saw 6 of its levels.

You collected 272 gold pieces.

Inventory:

Hand Weapons
 a - a +0 heavy shortbow
 s - a +2 demon trident of venom (weapon)
Missiles
 o - a throwing net (quivered)
Armour
 c - a +0 leather armour
 k - a +3 ring mail of poison resistance
 n - a +0 cloak (worn)
 q - a +0 pair of boots
 v - the +18 Lear's hauberk (worn)
   (You acquired it on level 5 of the Dungeon)
Jewellery
 d - a ring of resist corrosion (left hand)
 j - a +4 ring of protection (right hand)
 r - a ring of poison resistance
 y - a ring of protection from cold
Scrolls
 b - 2 scrolls of immolation
 f - a scroll of fear
 i - 2 scrolls of teleportation
 A - a scroll of poison {unknown}
Potions
 e - 2 potions of brilliance
 g - a potion of resistance
 h - a potion of degeneration {unknown}
 l - a potion of haste {unknown}
 m - a potion of heal wounds {unknown}
 p - a potion of curing {unknown}
 t - a potion of flight {unknown}
 u - a potion of might {unknown}
 w - a potion of lignification {unknown}
 z - 2 potions of attraction {unknown}


   Skills:
 - Level 5.0 Fighting
 + Level 4.4 Polearms
 - Level 5.3 Ranged Weapons
 - Level 2.4 Dodging
 - Level 1.3 Stealth


You had 6 spell levels left.
You didn't know any spells.
Your spell library contained the following spells:

 Spells                   Type           Power      Damage    Failure   Level
 Kiss of Death            Conj/Necr      0%         2d5       100%        1
 Necrotise                Necr           0%         1d4       100%        1
 Cigotuvi's Dreadful Rot  Necr/Pois/Air  0%         N/A       100%        2
 Confusing Touch          Hex            0%         N/A       100%        3
 Vampiric Draining        Necr           0%         2d6       100%        3
 Dispel Undead            Necr           0%         3d6       100%        4


Dungeon Overview and Level Annotations

Branches:
Dungeon (5/15)             Temple (1/1) D:4

Altars:
Ashenzari
Cheibriados
Fedhas
Kikubaaqudgha
Makhleb
Nemelex Xobeh
Okawaru
Qazlal
Sif Muna
Trog
Vehumet
Wu Jian
Xom
The Shining One

Annotations:
D:5 Pikel


Innate Abilities, Weirdness & Mutations

You are small and have problems with some larger weapons.
You are completely attuned to the shadows.


Message History

The lemure hits you but does no damage. x2
You closely miss the lemure.
The lemure is lightly wounded.
The lemure hits you but does no damage. x2
You puncture the lemure!
The lemure looks as sick as possible!
The lemure is severely wounded.
The lemure hits you but does no damage. x2
You hit the lemure but do no damage.
The lemure looks as sick as possible!
The lemure is almost dead.
The lemure hits you. x2; Pikel hits you but does no damage.
You barely miss the lemure.
The lemure is almost dead.
The lemure hits you but does no damage. The lemure hits you.
Pikel hits you but does no damage.
You are electrocuted!!
* * * LOW HITPOINT WARNING * * *
You are too injured to fight recklessly!
You are too injured to fight recklessly!
You are too injured to fight recklessly!
You are too injured to fight recklessly!
You are too injured to fight recklessly!
You are too injured to fight recklessly!
You are too injured to fight recklessly!
You are too injured to fight recklessly!
You are too injured to fight recklessly!
You are too injured to fight recklessly!
You are too injured to fight recklessly!
You are too injured to fight recklessly!
Unknown command.
You closely miss Pikel.
You kill the lemure!
That felt strangely unrewarding.
The lemure hits you but does no damage. Pikel hits you but does no damage.
Throw: 2 throwing nets
Press: ? - help, Shift-Dir - straight line, f - Pikel
Aim: Pikel, wielding a +2 whip of electrocution and wearing a +0 robe (58% to hit)
You throw a throwing net. The throwing net hits Pikel.
Pikel is caught in the net!
The lemure hits you.
You die...
Kikubaaqudgha rasps: "You have failed me!
Welcome... death!"

##................<....
..##......... ......#..
.#.#..........
......#..
.......##..... .......
#......#..............#
#...#..........
#..............
#.......#.K....
..........@5...
............#..
.##.......###
..........# .......#.##
......#### .......


You could see Pikel (caught) and a lemure.

Vanquished Creatures
  An ogre (D:4)
  3 lemures (D:5)
  A scorpion (D:4)
  An orc priest (D:5)
  A gnoll bouda (D:4)
  An orc wizard (D:5)
  3 gnolls
  A river rat (D:4)
  7 adders
  4 dart slugs
  6 orcs
  4 endoplasms
  4 giant cockroaches
  5 goblins
  4 hobgoblins
  8 jackals
  8 kobolds
  3 quokkas (D:4)
  12 ball pythons
  4 bats
  4 frilled lizards
  7 rats
92 creatures vanquished.

Notes
Turn   | Place    | Note
-------+----------+-------------------------------------------
     0 | D:1      | Newt the Kobold Hunter began the quest for the Orb.
     0 | D:1      | Reached XP level 1. HP: 12/12 MP: 1/1
   231 | D:1      | Reached XP level 2. HP: 18/18 MP: 2/2
   665 | D:1      | Reached XP level 3. HP: 23/23 MP: 3/3
  1272 | D:2      | Reached XP level 4. HP: 30/30 MP: 4/4
  2094 | D:3      | Found a sparkling altar of Nemelex Xobeh.
  2170 | D:3      | Found a radiant altar of Vehumet.
  2438 | D:3      | Reached skill level 5 in Fighting
  2539 | D:4      | Reached XP level 5. HP: 24/35 MP: 5/5
  2545 | D:3      | Reached skill level 1 in Polearms
  2630 | D:4      | Found a staircase to the Ecumenical Temple.
  2636 | Temple   | Entered the Ecumenical Temple
  2903 | Temple   | Became a worshipper of Kikubaaqudgha
  3076 | D:4      | Reached XP level 6. HP: 12/40 MP: 6/6
  3418 | D:4      | Noticed an ogre
  3427 | D:4      | Killed an ogre
  3644 | D:5      | Entered Level 5 of the Dungeon
  3646 | D:5      | Identified a scroll of acquirement
  3646 | D:5      | Acquired the +18 Lear's hauberk
  3646 | D:5      | Found the +18 Lear's hauberk
  3683 | D:5      | Reached * piety under Kikubaaqudgha
  3683 | D:5      | Received a gift from Kikubaaqudgha
  3693 | D:5      | Reached XP level 7. HP: 41/44 MP: 7/7
  3754 | D:5      | Noticed Pikel
  3761 | D:5      | Slain by a lemure

Illustrated notes

Levels and vault maps discovered:
D:1:      zaba_arrival_water, layout_basic
D:2:      layout_basic, grunt_ministairs_12, minmay_surrounded
D:3:      layout_rooms, vehumet_crystals, mainiacjoe_overflow_six_doors_small
D:4:      layout_rooms, minmay_temple_entry_hall, gup_sewer_entry_spiral
D:5:      layout_cave_pools, gammafunk_ghost_grave, nicolae_alphabet_shops,
          uniq_pikel
Temple:   hc_temple_tempest_star

Skill      XL: |  1  2  3  4  5  6 |
---------------+-------------------+-----
Fighting       | 3 4 5 |  5.0
Polearms       | 2 4 |  4.4
Ranged Weapons | |  5.3
Dodging        | |  2.4
Stealth        | |  1.3

Action                     |  1- 3 |  4- 6 |  7- 9 || total
---------------------------+-------+-------+-------++-------
  Melee: Demon trident     |       |   100 |    28 ||   128
   Fire: Shortbow          |    66 |    38 |       ||   104
  Throw: Throwing net      |       |     1 |     1 ||     2
    Use: Scroll            |     5 |     4 |       ||     9
   Stab: Sleeping          |       |     4 |       ||     4
         Held in net/web   |       |     1 |       ||     1
 Armour: Leather armour    |     2 |       |       ||     2
         Ring mail         |    10 |    46 |       ||    56
         Chain mail        |       |    17 |    33 ||    50
  Dodge: Dodged            |    25 |    80 |     9 ||   114

Table legend: (Time is in decaauts)
 A = Elapsed time spent in this place.
 B = Non-inter-level travel time spent in this place.
 C = Inter-level travel time spent in this place.
 D = Time resting spent in this place.
 E = Time spent auto-exploring this place.
 F = Levels seen in this place.
 G = Mean time per level.
                   A        B        C        D        E       F      G
               +--------+--------+--------+--------+--------+-----+--------+
         Total |   3897 |   3627 |    270 |     62 |   2901 |   6 |  649.5 |
       Dungeon |   3613 |   3358 |    255 |     62 |   2648 |   5 |  722.6 |
        Temple |    283 |    268 |     15 |      0 |    253 |   1 |  283.0 |
               +--------+--------+--------+--------+--------+-----+--------+

Top non-repeatable levels by time:
     D:1: 1019 daAuts
     D:2: 910 daAuts
     D:4: 871 daAuts
     D:3: 690 daAuts
  Temple: 283 daAuts
     D:5: 121 daAuts
